 Dungeon Crawl Stone Soup version 0.24-a0-378-g94936e539c (webtiles) character file.

Game seed: 12217598850350158036

230 HAL9000 the Cutter (level 6, 0/30 HPs)
             Began as a Vine Stalker Assassin on June 2, 2019.
             Was a Follower of Uskayaw.
             Killed by divine providence
             ... invoked by an orc priest
              (8 damage)
             ... on level 3 of the Dungeon.
             The game lasted 00:04:28 (2937 turns).

HAL9000 the Cutter (Vine Stalker Assassin)          Turns: 2937, Time: 00:04:29

Health: 0/30       AC:  5    Str: 14    XL:     6   Next: 3%
Magic:  0/7        EV: 11    Int: 15    God:    Uskayaw [*.....]
Gold:   184        SH:  0    Dex: 16    Spells: 5/5 levels left

rFire    . . .     SeeInvis .   a - +2 dagger
rCold    . . .     Gourm    .   (no shield)
rNeg     . . .     Faith    .   p - +0 leather armour
rPois    .         Spirit   +   h - +0 helmet
rElec    .         Reflect  .   c - +0 cloak
rCorr    .         Harm     .   (no gloves)
MR       .....                  (no boots)
Stlth    +++.......             (no amulet)
HPRegen  0.50/turn              w - +3 ring of intelligence
MPRegen  0.10/turn              (no ring)

@: no status effects
A: fangs 2, regeneration 1, magic shield, antimagic bite, no potion heal 3, rot
immunity
a: Stomp, Renounce Religion


You were on level 3 of the Dungeon.
You worshipped Uskayaw.
Uskayaw was noncommittal.
You were hungry.

You visited 1 branch of the dungeon, and saw 4 of its levels.

You collected 184 gold pieces.

Inventory:

Hand Weapons
 a - a +2 dagger (weapon)
Missiles
 d - 11 poisoned darts
 e - a curare-tipped dart (quivered)
Armour
 c - a +0 cloak (worn)
 h - a +0 helmet (worn)
 p - a +0 leather armour (worn)
Jewellery
 s - an uncursed ring of fire
 t - an uncursed ring of ice
 w - a +3 ring of intelligence (left hand)
Wands
 b - a wand of acid (7)
Scrolls
 i - a scroll of fog {unknown}
 k - 2 scrolls of amnesia {unknown}
 n - 2 scrolls of noise {unknown}
 o - a scroll of teleportation {unknown}
 r - a scroll of remove curse {unknown}
 u - a scroll of magic mapping {unknown}
 v - a scroll of enchant weapon {unknown}
Potions
 g - 2 potions of curing {unknown}
 j - 2 potions of might {unknown}
 l - 3 potions of heal wounds {unknown}
 m - a potion of degeneration {unknown}
 q - 3 potions of flight {unknown}
 z - 2 potions of cancellation {unknown}
Comestibles
 f - 3 rations
 x - 6 chunks of flesh


   Skills:
 - Level 1.7 Fighting
 + Level 5.5 Short Blades
 - Level 1.7 Throwing
 - Level 0.7 Dodging
 - Level 4.8 Stealth


You had 5 spell levels left.
You didn't know any spells.
Your spell library was empty.

Dungeon Overview and Level Annotations

Branches:
Dungeon (4/15)
 Temple: D:4-7

Altars:
Okawaru
Sif Muna
Uskayaw
Wu Jian
Zin


Innate Abilities, Weirdness & Mutations

You have extremely sharp teeth.
Your natural rate of healing is unusually fast.
When hurt, damage is shared between your health and your magic reserves.
Your bite disrupts and absorbs the magic of your enemies.
Potions cannot restore your health.
You are immune to rotting.


Message History

The orc misses you. The orc wizard closely misses you.
Unknown command.
You hit the orc priest but do no damage.
The orc priest is moderately wounded.
The orc priest hits you but does no damage.
The orc hits you with a +0 dagger.
* * * LOW HITPOINT WARNING * * *
The orc wizard hits you with a +0 dagger.
* * * LOW HITPOINT WARNING * * *
Quiver which item? (- for none, * to show all) (? for menu, Esc to quit)
Quivering
e - 2 curare-tipped darts for throwing.
Throwing (i - inventory. (/) - cycle)
e - 2 curare-tipped darts (quivered)
Press: ? - help, Shift-Dir - straight line, f - orc
Aim: an orc, wielding a +0 dagger and wearing a +0 leather armour You throw a curare-tipped dart.
The curare-tipped dart hits the orc.
The orc is poisoned.
The orc convulses.
You kill the orc!
The orc priest calls down the wrath of Beogh upon you.
Beogh smites you!
You die...

#......<..######....###....#
#.........######.8..#.#....#
..............##....'_#....#
...รท......###.##.8..#.#....#
#.........# #.##....###....#
#.........# #.###.8..#.....#
#.........# #.# #.........##
#.###########.###(....^...#
................@o........#
#.##....#####.##.o........#
#.##....# #.##..........#
#)##....# #.##..........#
#.##....# #.##..........#
#.......# #.##.#####'####
...#....# #.##.#####..#######
........# #.##..............#
........# #.##..............#


You could see an orc priest and an orc wizard.

Vanquished Creatures
  A scorpion (D:3)
  A centaur zombie (D:3)
  Jessica (D:1)
  A worker ant (D:2)
  Robin (D:2)
  A dart slug (D:3)
  2 leopard geckos (D:3)
  An orc (D:3)
  7 bats
  5 giant cockroaches
  21 goblins
  9 hobgoblins
  2 quokkas
  3 frilled lizards
  15 kobolds
  5 rats
76 creatures vanquished.

Notes
Turn   | Place    | Note
-------+----------+-------------------------------------------
     0 | D:1      | HAL9000 the Vine Stalker Assassin began the quest for the
                  | Orb.
     0 | D:1      | Reached XP level 1. HP: 11/11 MP: 2/2
    42 | D:1      | Reached skill level 2 in Short Blades
    89 | D:1      | Reached XP level 2. HP: 15/15 MP: 3/3
   722 | D:1      | Reached skill level 3 in Short Blades
   766 | D:1      | Reached XP level 3. HP: 18/18 MP: 4/4
  1081 | D:2      | Noticed Jessica
  1085 | D:2      | Noticed Robin
  1308 | D:2      | Killed Robin
  1381 | D:1      | Killed Jessica
  1381 | D:1      | Reached skill level 4 in Short Blades
  1381 | D:1      | Gained mutation: Your natural rate of healing is unusually
                  | fast. [Vine Stalker growth]
  1381 | D:1      | Reached XP level 4. HP: 12/23 MP: 5/5
  1702 | D:2      | Found an ornate altar of the Wu Jian Council.
  1843 | D:2      | Noticed a +0 dagger
  1843 | D:2      | Noticed a +0 hand axe
  1848 | D:2      | Found a hide-covered altar of Uskayaw.
  1858 | D:2      | Reached XP level 5. HP: 24/26 MP: 6/6
  1863 | D:2      | Became a worshipper of Uskayaw the Reveler
  1965 | D:2      | Reached * piety under Uskayaw
  2211 | D:3      | Found a deep blue altar of Sif Muna.
  2563 | D:3      | Reached ** piety under Uskayaw
  2568 | D:3      | Reached skill level 5 in Short Blades
  2678 | D:3      | Found an iron altar of Okawaru.
  2718 | D:3      | Reached XP level 6. HP: 19/30 MP: 4/7
  2888 | D:3      | Found a glowing silver altar of Zin.
  2937 | D:3      | Killed from afar by an orc priest

Levels and vault maps discovered:
D:1:      mrwooster_arrival_statue, layout_loops_corners,
          minmay_worlds_worst_comb
D:2:      layout_loops_ring, overflow_temple_1_default, dancing_weapons_uskayaw,
          first_ration, uniq_robin, uniq_jessica
D:3:      wander_river, layout_basic, okawaru_gym_becter, lemuel_doored_altar,
          zin_statuary
D:4:      layout_loops_cross, uniq_eustachio, uniq_grinder

Skill      XL: |  1  2  3  4  5 |
---------------+----------------+-----
Short Blades   | 2 3 4 5 |  5.5
Fighting       | |  1.7
Throwing       | |  1.7
Dodging        | |  0.7
Stealth        | |  4.8

Action                   |  1- 3 |  4- 6 || total
-------------------------+-------+-------++-------
Melee: Dagger            |    93 |   140 ||   233
       Bite              |    17 |    40 ||    57
       Unarmed           |     2 |       ||     2
Throw: Dart              |     3 |     1 ||     4
 Stab: Sleeping          |     7 |     2 ||     9
       Distracted        |       |     1 ||     1
  Eat: Chunk             |     1 |     5 ||     6
Armor: Robe              |    22 |     8 ||    30
       Leather armour    |       |    38 ||    38
Dodge: Dodged            |    51 |    73 ||   124

Table legend:
 A = Non-vault XP
 B = Vault XP
 C = Vault XP percentage of total XP
 D = Non-vault monster count
 E = Vault monster count
 F = Vault count percentage of total count
                 A         B        C        D         E       F
            +---------+---------+-------+---------+---------+-------
      Total |     247 |      82 |  24.9 |      59 |      17 |  22.4
            +---------+---------+-------+---------+---------+-------
        D:1 |      28 |      45 |  61.6 |      17 |       5 |  22.7
        D:2 |      62 |      37 |  37.4 |      19 |      12 |  38.7
        D:3 |     157 |       0 |   0.0 |      23 |       0 |   0.0
            +---------+---------+-------+---------+---------+-------
